PIO (24 & UNDER)
SEATTLE RAINIERS @ SASKATOON SMOKIN' GUNS
09/15/2030
 
TOP OF THE 1ST
Seattle Rainiers batting - Pitching for Saskatoon Smokin' Guns : RHP José Gabriel
Pitching: RHP José Gabriel
Batting: RHB Pablo Hernández 0-0: Ball
1-0: Ball
2-0: Fly out, F9 (Line Drive, 9)
Batting: RHB Fred McPhun 0-0: Ball
1-0: Called Strike
1-1: Foul Ball, location: 2F
1-2: Strikes out looking
Batting: RHB Jesús Ortíz 0-0: Fly out, F3 (Line Drive, 3)
Top of the 1st over - 0 runs, 0 hits, 0 errors, 0 left on base; Seattle 0 - Saskatoon 0
BOTTOM OF THE 1ST
Saskatoon Smokin' Guns batting - Pitching for Seattle Rainiers : LHP Nick Thornton
Pitching: LHP Nick Thornton
Batting: RHB Luis Suárez 0-0: Ball
1-0: Ball
2-0: Foul Ball, location: 2F
2-1: Foul Ball, location: 2F
2-2: SINGLE (Groundball, 34D)
Batting: RHB Júlio Durán 0-0: Called Strike
0-1: Ball
1-1: Ball
2-1: Called Strike
2-2: Strikes out swinging
Batting: RHB Juan Alvarado 0-0: Called Strike
0-1: Called Strike
0-2: Ball
1-2: Grounds into double play, 6-4-3 (Groundball, 6)
Bottom of the 1st over - 0 runs, 1 hit, 0 errors, 0 left on base; Seattle 0 - Saskatoon 0
TOP OF THE 2ND
Seattle Rainiers batting - Pitching for Saskatoon Smokin' Guns : RHP José Gabriel
Batting: RHB Chad Battle 0-0: Called Strike
0-1: Called Strike
0-2: Ball
1-2: Ball
2-2: Ball
3-2: Base on Balls
Batting: LHB Manfredi Pérez 0-0: Foul Ball, location: 2F
0-1: Ball
1-1: Swinging Strike
1-2: Ball
2-2: Strikes out swinging
Batting: RHB Jeff Lawrence 0-0: Ball
1-0: Called Strike
1-1: Ball
2-1: Foul Ball, location: 2F
2-2: Ball
3-2: Base on Balls
Chad Battle to second
Batting: LHB Alarico Sloet tot Everlo 0-0: Grounds into double play, 6-4-3 (Groundball, 6)
Top of the 2nd over - 0 runs, 0 hits, 0 errors, 1 left on base; Seattle 0 - Saskatoon 0
BOTTOM OF THE 2ND
Saskatoon Smokin' Guns batting - Pitching for Seattle Rainiers : LHP Nick Thornton
Batting: RHB Lyle Johnston 0-0: Ball
1-0: Ball
2-0: Called Strike
2-1: Foul Ball, location: 2F
2-2: Ball
3-2: Base on Balls
Batting: RHB Bill Ménard 0-0: Ball
1-0: Ball
2-0: Foul Ball, location: 2F
2-1: Ball
3-1: Foul Ball, location: 2F
3-2: Foul Ball, location: 2F
3-2: Foul Ball, location: 2F
3-2: Base on Balls
Lyle Johnston to second
Batting: RHB Mike Ratzlaff 0-0: Called Strike
0-1: Ball
1-1: Fly out, F9 (Flyball, 9LDF)
Runner from 2nd tags up, SAFE at 3rd, no throw
Batting: LHB Jim Hall 0-0: Ball
1-0: Called Strike
1-1: SINGLE (Groundball, 4D)
Lyle Johnston scores
Bill Ménard to second
Runner from 2nd tries for 3rd, SAFE, no throw
Batting: RHB Artie Turner 0-0: Ball
Jim Hall steals 2nd base
1-0: Ball
2-0: Ball
3-0: Base on Balls
Batting: RHB Sebastiăo Batissela 0-0: Foul Ball, location: 2F
0-1: Ball
1-1: Foul Ball, location: 2F
1-2: Ball
2-2: Foul Ball, location: 2F
2-2: SINGLE (Line Drive, 78M)
Bill Ménard scores
Jim Hall to third
Artie Turner to second
Batting: RHB Luis Suárez 0-0: Called Strike
0-1: Called Strike
0-2: Foul Ball, location: 2F
0-2: Ball
1-2: Foul Ball, location: 2F
1-2: Foul Ball, location: 2F
1-2: Fly out, F8 (Flyball, 8RM)
Runner from 3rd tags up, SCORES, no throw
Batting: RHB Júlio Durán 0-0: Foul Ball, location: 2F
0-1: Ball
1-1: Foul Ball, location: 2F
1-2: Foul Ball, location: 2F
1-2: Fielders Choice at 2nd, 6-4 (Groundball, 6)
Bottom of the 2nd over - 3 runs, 2 hits, 0 errors, 2 left on base; Seattle 0 - Saskatoon 3
TOP OF THE 3RD
Seattle Rainiers batting - Pitching for Saskatoon Smokin' Guns : RHP José Gabriel
Batting: RHB Cal Cox 0-0: Swinging Strike
0-1: Called Strike
0-2: Strikes out swinging
Batting: SHB Javier Contreras 0-0: Swinging Strike
0-1: Ball
1-1: Fly out, F3 (Line Drive, 34)
Batting: RHB Pablo Hernández 0-0: Ball
1-0: Swinging Strike
1-1: Swinging Strike
1-2: Foul Ball, location: 2F
1-2: Ball
2-2: Foul Ball, location: 2F
2-2: Ball
3-2: Base on Balls
Batting: RHB Fred McPhun 0-0: Ball
1-0: Fly out, F4 (Line Drive, 4M)
Top of the 3rd over - 0 runs, 0 hits, 0 errors, 1 left on base; Seattle 0 - Saskatoon 3
BOTTOM OF THE 3RD
Saskatoon Smokin' Guns batting - Pitching for Seattle Rainiers : LHP Nick Thornton
Batting: RHB Juan Alvarado 0-0: Foul Ball, location: 2F
0-1: Foul Ball, location: 2F
0-2: SINGLE (Groundball, 6MD)
Batting: RHB Lyle Johnston 0-0: Called Strike
0-1: Fly out, F8 (Flyball, 8RXD)
Batting: RHB Bill Ménard 0-0: Ball
1-0: Called Strike
1-1: Ball
2-1: Foul Ball, location: 2F
2-2: Ball
3-2: Foul Ball, location: 2F
3-2: Base on Balls
Juan Alvarado to second
Batting: RHB Mike Ratzlaff 0-0: Swinging Strike
0-1: Called Strike
0-2: Ball
1-2: Ball
2-2: Ball
3-2: Ground out 5-3 (Groundball, 56S)
Juan Alvarado to third
Bill Ménard to second
Batting: LHB Jim Hall 0-0: Called Strike
0-1: Ball
1-1: Ball
2-1: Foul Ball, location: 2F
2-2: SINGLE (Flyball, 89S)
Juan Alvarado scores
Bill Ménard to third
Runner from 3rd tries for Home, SAFE, no throw
Batting: RHB Artie Turner 0-0: Ball
1-0: Ball
2-0: Ball
3-0: Base on Balls
Jim Hall to second
Pitching: RHP Pedro Molina
Batting: RHB Sebastiăo Batissela 0-0: Ball
1-0: Ball
2-0: Called Strike
2-1: Ball
3-1: Base on Balls
Jim Hall to third
Artie Turner to second
Batting: RHB Luis Suárez 0-0: Ball
1-0: Ball
2-0: Foul Ball, location: 2F
2-1: Foul Ball, location: 2F
2-2: Strikes out swinging
Bottom of the 3rd over - 2 runs, 2 hits, 0 errors, 3 left on base; Seattle 0 - Saskatoon 5
TOP OF THE 4TH
Seattle Rainiers batting - Pitching for Saskatoon Smokin' Guns : RHP José Gabriel
Batting: RHB Jesús Ortíz 0-0: Swinging Strike
0-1: DOUBLE (Line Drive, 7LD)
Batting: RHB Chad Battle 0-0: Ball
1-0: Foul Ball, location: 2F
1-1: Ball
2-1: Called Strike
2-2: Ball
3-2: Strikes out looking
Batting: LHB Manfredi Pérez 0-0: Ball
1-0: Ball
2-0: Called Strike
2-1: Ball
3-1: SINGLE (Line Drive, 6MD)
Jesús Ortíz to third
Runner from 3rd tries for Home, SAFE, throw made home
Batting: RHB Jeff Lawrence 0-0: Called Strike
0-1: Called Strike
0-2: Ball
1-2: SINGLE (Line Drive, 56D)
Manfredi Pérez to second
Batting: LHB Alarico Sloet tot Everlo 0-0: Ball
1-0: Foul Ball, location: 2F
1-1: Ball
2-1: Ball
3-1: Called Strike
3-2: Strikes out swinging
Batting: RHB Cal Cox 0-0: Called Strike
0-1: Ball
1-1: Swinging Strike
1-2: Ball
2-2: Strikes out swinging
Top of the 4th over - 1 run, 3 hits, 0 errors, 2 left on base; Seattle 1 - Saskatoon 5
BOTTOM OF THE 4TH
Saskatoon Smokin' Guns batting - Pitching for Seattle Rainiers : RHP Pedro Molina
Batting: RHB Júlio Durán 0-0: Foul Ball, location: 2F
0-1: Swinging Strike
0-2: Strikes out swinging
Batting: RHB Juan Alvarado 0-0: Ball
1-0: Ball
2-0: Ball
3-0: Base on Balls
Batting: RHB Lyle Johnston 0-0: Ball
1-0: Foul Ball, location: 2F
1-1: Foul Ball, location: 2F
1-2: Ball
Juan Alvarado steals 2nd base
2-2: Foul Ball, location: 2F
2-2: Fly out, F7 (Line Drive, 78M)
Batting: RHB Bill Ménard 0-0: Ball
1-0: Ground out 5-3 (Groundball, 56S)
Bottom of the 4th over - 0 runs, 0 hits, 0 errors, 1 left on base; Seattle 1 - Saskatoon 5
TOP OF THE 5TH
Seattle Rainiers batting - Pitching for Saskatoon Smokin' Guns : RHP José Gabriel
Batting: SHB Javier Contreras 0-0: Fly out, F8 (Flyball, 8LS)
Batting: RHB Pablo Hernández 0-0: Called Strike
0-1: Ball
1-1: Ball
2-1: Swinging Strike
2-2: Strikes out swinging
Batting: RHB Fred McPhun 0-0: Ball
1-0: DOUBLE (Flyball, 78XD)
Batting: RHB Jesús Ortíz 0-0: Ball
1-0: SINGLE (Flyball, 3D)
Fred McPhun to third
Runner from 3rd tries for Home, SAFE, no throw
Batting: RHB Chad Battle 0-0: Called Strike
0-1: Ball
Balk!
Jesús Ortíz to second
1-1: Ball
2-1: SINGLE (Groundball, 4MD)
Jesús Ortíz to third
Runner from 3rd tries for Home, throw and OUT!
Top of the 5th over - 1 run, 3 hits, 0 errors, 1 left on base; Seattle 2 - Saskatoon 5
BOTTOM OF THE 5TH
Saskatoon Smokin' Guns batting - Pitching for Seattle Rainiers : RHP Pedro Molina
Batting: RHB Mike Ratzlaff 0-0: Ball
1-0: Called Strike
1-1: Foul Ball, location: 2F
1-2: Strikes out looking
Batting: LHB Jim Hall 0-0: Swinging Strike
0-1: Ball
1-1: Swinging Strike
1-2: Strikes out swinging
Batting: RHB Artie Turner 0-0: Ball
1-0: Ball
2-0: Ball
3-0: Base on Balls
Batting: RHB Sebastiăo Batissela 0-0: Ball
1-0: Ground out 5-3 (Groundball, 56S)
Bottom of the 5th over - 0 runs, 0 hits, 0 errors, 1 left on base; Seattle 2 - Saskatoon 5
TOP OF THE 6TH
Seattle Rainiers batting - Pitching for Saskatoon Smokin' Guns : RHP José Gabriel
Batting: LHB Manfredi Pérez 0-0: Ball
1-0: Ground out 4-3 (Groundball, 4M)
Batting: RHB Jeff Lawrence 0-0: Fly out, F3 (Popup, 3SF)
Batting: LHB Alarico Sloet tot Everlo 0-0: Called Strike
0-1: Ball
1-1: Ball
2-1: Ground out 4-3 (Groundball, 4)
Top of the 6th over - 0 runs, 0 hits, 0 errors, 0 left on base; Seattle 2 - Saskatoon 5
BOTTOM OF THE 6TH
Saskatoon Smokin' Guns batting - Pitching for Seattle Rainiers : RHP Pedro Molina
Batting: RHB Luis Suárez 0-0: Ball
1-0: Ball
2-0: Ball
3-0: Called Strike
3-1: Base on Balls
Batting: RHB Júlio Durán 0-0: Called Strike
0-1: Foul Ball, location: 2F
0-2: Ball
1-2: Strikes out swinging
Batting: RHB Juan Alvarado 0-0: Ball
1-0: Ball
2-0: Fly out, F7 (Flyball, 7)
Batting: RHB Lyle Johnston 0-0: Ball
Luis Suárez steals 2nd base
1-0: Fly out, F9 (Flyball, 89S)
Bottom of the 6th over - 0 runs, 0 hits, 0 errors, 1 left on base; Seattle 2 - Saskatoon 5
TOP OF THE 7TH
Seattle Rainiers batting - Pitching for Saskatoon Smokin' Guns : RHP José Gabriel
Pitching: RHP Marcos Féliz
Batting: RHB Cal Cox 0-0: Ball
1-0: Swinging Strike
1-1: Foul Ball, location: 2F
1-2: Ball
2-2: Foul Ball, location: 2F
2-2: Ball
3-2: Strikes out looking
Batting: SHB Javier Contreras 0-0: Ball
1-0: Called Strike
1-1: Ball
2-1: Foul Ball, location: 2F
2-2: Ground out U3 (Groundball, 3)
Batting: RHB Pablo Hernández 0-0: Ball
1-0: Ball
2-0: Fly out, F9 (Flyball, 9D)
Top of the 7th over - 0 runs, 0 hits, 0 errors, 0 left on base; Seattle 2 - Saskatoon 5
BOTTOM OF THE 7TH
Saskatoon Smokin' Guns batting - Pitching for Seattle Rainiers : RHP Pedro Molina
Batting: RHB Bill Ménard 0-0: Called Strike
0-1: Swinging Strike
0-2: Strikes out swinging
Batting: RHB Mike Ratzlaff 0-0: Ball
1-0: Foul Ball, location: 2F
1-1: Swinging Strike
1-2: Ball
2-2: Strikes out swinging
Batting: LHB Jim Hall 0-0: Called Strike
0-1: Ball
1-1: SINGLE (Flyball, 89M)
Pitching: RHP Tony Gaiván
Batting: RHB Artie Turner 0-0: Ball
1-0: SINGLE (Line Drive, 8LS)
Jim Hall to second
Runner from 2nd tries for 3rd, SAFE, throw made to third
Batting: RHB Sebastiăo Batissela 0-0: Called Strike
0-1: Foul Ball, location: 2F
0-2: Ball
1-2: Ball
2-2: Foul Ball, location: 2F
2-2: Ball
3-2: Fly out, F9 (Flyball, 9)
Bottom of the 7th over - 0 runs, 2 hits, 0 errors, 2 left on base; Seattle 2 - Saskatoon 5
TOP OF THE 8TH
Seattle Rainiers batting - Pitching for Saskatoon Smokin' Guns : RHP Marcos Féliz
Batting: RHB Fred McPhun 0-0: Foul Ball, location: 2F
0-1: Called Strike
0-2: Foul Ball, location: 2F
0-2: Ground out 4-3 (Groundball, 4S)
Batting: RHB Jesús Ortíz 0-0: Called Strike
0-1: Foul Ball, location: 2F
0-2: Foul Ball, location: 2F
0-2: Ground out 3-1 (Groundball, 34)
Batting: RHB Chad Battle 0-0: Called Strike
0-1: Ball
1-1: Foul Ball, location: 2F
1-2: TRIPLE (Line Drive, 8RXD)
Batting: LHB Manfredi Pérez 0-0: Foul Ball, location: 2F
0-1: Ball
1-1: Ball
2-1: SINGLE (Popup, 3D)
Chad Battle scores
Batting: RHB Jeff Lawrence 0-0: Ground out 4-3 (Groundball, 34)
Top of the 8th over - 1 run, 2 hits, 0 errors, 1 left on base; Seattle 3 - Saskatoon 5
BOTTOM OF THE 8TH
Saskatoon Smokin' Guns batting - Pitching for Seattle Rainiers : RHP Tony Gaiván
Batting: RHB Luis Suárez 0-0: Swinging Strike
0-1: Ball
1-1: Called Strike
1-2: Ball
2-2: Ball
3-2: Strikes out looking
Batting: RHB Júlio Durán 0-0: Called Strike
0-1: Foul Ball, location: 2F
0-2: Ball
1-2: Ball
2-2: Foul Ball, location: 2F
2-2: Strikes out swinging
Batting: RHB Juan Alvarado 0-0: Foul Ball, location: 2F
0-1: Ball
1-1: Ball
2-1: Ball
3-1: Foul Ball, location: 2F
3-2: Fly out, F7 (Flyball, 78M)
Bottom of the 8th over - 0 runs, 0 hits, 0 errors, 0 left on base; Seattle 3 - Saskatoon 5
TOP OF THE 9TH
Seattle Rainiers batting - Pitching for Saskatoon Smokin' Guns : RHP Marcos Féliz
Pitching: LHP Ray Karl
Batting: LHB Alarico Sloet tot Everlo 0-0: Ball
1-0: Ball
2-0: SINGLE (Groundball, 4S) (infield hit)
Pinch Hitting: RHB John Eaves 0-0: Ball
1-0: Ball
2-0: Called Strike
2-1: Called Strike
2-2: Strikes out swinging
Pinch Hitting: RHB Cipriano Baca 0-0: Fielders Choice at 2nd, 5-4 (Groundball, 5L)
Batting: RHB Pablo Hernández 0-0: Called Strike
0-1: Swinging Strike
0-2: Ball
1-2: Ground out 5-3 (Groundball, 2L)
Top of the 9th over - 0 runs, 1 hit, 0 errors, 1 left on base; Seattle 3 - Saskatoon 5
Saturday, April 7th, 2018 - OOTP Baseball 18.8 Build 76